 Dungeon Crawl Stone Soup version 0.27.1-3-gb3d3a73c9e (webtiles) character file.

Game seed: 2537803346151073198

389972 Turgor the Cryomancer (level 23, -1/156 HPs)
             Began as a Merfolk Ice Elementalist on Oct 3, 2021.
             Was the Champion of Sif Muna.
             Slain by a rockslime (34 damage)
             ... on level 5 of the Pits of Slime on Oct 5, 2021.
             The game lasted 13:21:12 (71717 turns).

Turgor the Cryomancer (Merfolk Ice Elementalist)   Turns: 71717, Time: 13:21:13

Health: -1/156     AC: -1    Str: 12    XL:     23   Next: 8%
Magic:  36/46      EV: 18    Int: 28    God:    Sif Muna [******]
Gold:   3068       SH:  9    Dex: 20    Spells: 4/60 levels left

rFire    . . .     SeeInvis .   c - +5 demon trident of Desud {freeze, rPois Int+3}
rCold    + . .     Faith    .   P - +3 buckler {rC+}
rNeg     . . .     Spirit   .   A - +4 robe of Augmentation {Str+4 Int+4 Dex+4}
rPois    +         Reflect  .   Z - +2 hat
rElec    .         Harm     .   X - +2 cloak
rCorr    +         Rampage  .   o - +0 pair of gloves
Will     +....                  j - +2 pair of boots
Stlth    +++.......             v - amulet of magic regeneration
HPRegen  0.36/turn              w - ring of resist corrosion
MPRegen  0.55/turn              t - ring of wizardry

@: corroded
A: (nimble swimmer 2), mertail, weak 1
}: 2/15 runes: barnacled, gossamer
a: Renounce Religion, Channel Magic, Forget Spell, Divine Exegesis


You were on level 5 of the Pits of Slime.
You worshipped Sif Muna.
Sif Muna was exalted by your worship.
You visited 8 branches of the dungeon, and saw 41 of its levels.
You also visited: Ossuary, Ice Cave and Volcano.

You collected 5555 gold pieces.
You spent 2487 gold pieces at shops.

Inventory:

Hand Weapons
 c - the +5 demon trident of Desud (weapon) {freeze, rPois Int+3}
   (You acquired it on level 4 of the Lair of Beasts)

   It freezes those it strikes, dealing additional cold damage.
   It can also slow down cold-blooded creatures.
   Int:       It affects your intelligence (+3).
   rPois:     It protects you from poison.
 R - a +2 demon trident of venom
Missiles
 s - 17 throwing nets (quivered)
 y - 19 boomerangs of dispersal
Armour
 j - a +2 pair of boots (worn)
 o - a +0 pair of gloves (worn)
 u - a +2 kite shield of resistance
 z - the +5 robe of Night {Dark Will+ SInv}
   (You bought it in a shop on level 2 of the Orcish Mines)

   It shrouds the wearer in darkness, reducing the range at which they can see
   and be seen by others.
   SInv:      It lets you see invisible.
   Will:      It increases your willpower.
 A - the +4 robe of Augmentation (worn) {Str+4 Int+4 Dex+4}
   (You found it on level 4 of the Spider Nest)

   Str:       It affects your strength (+4).
   Int:       It affects your intelligence (+4).
   Dex:       It affects your dexterity (+4).
 P - a +3 buckler of cold resistance (worn)
 X - a +2 cloak (worn)
 Z - a +2 hat (worn)
Jewellery
 m - a +6 ring of dexterity
 p - a ring of positive energy
 t - a ring of wizardry (right hand)
 v - an amulet of magic regeneration (around neck)
 w - a ring of resist corrosion (left hand)
 C - an amulet of regeneration
 D - a ring of ice
 V - the ring of the Final Decision {Dex+2 SInv}
   (You found it on level 4 of the Shoals)

   [ring of see invisible]

   Dex:       It affects your dexterity (+2).
   SInv:      It lets you see invisible.
 Y - a ring of protection from cold
Wands
 b - a wand of acid (34)
 d - a wand of flame (99)
 k - a wand of digging (10)
 E - a wand of iceblast (61)
 M - a wand of mindburst (10)
Scrolls
 a - 3 scrolls of silence
 e - 11 scrolls of teleportation
 i - 15 scrolls of identify
 l - 8 scrolls of enchant armour
 x - 3 scrolls of holy word
 B - 2 scrolls of blinking
 F - 2 scrolls of acquirement
 G - 8 scrolls of enchant weapon
 J - 4 scrolls of amnesia
 K - a scroll of fog
 N - 2 scrolls of magic mapping
 S - 3 scrolls of fear
 W - 2 scrolls of brand weapon
Potions
 g - 6 potions of ambrosia
 n - 6 potions of curing
 q - a potion of resistance
 r - 2 potions of haste
 H - 3 potions of heal wounds
 I - 7 potions of flight
 L - 3 potions of brilliance
 O - 7 potions of might
 Q - 4 potions of mutation
 U - a potion of cancellation
Miscellaneous
 f - a phantom mirror
 h - a condenser vane


   Skills:
 - Level 7.0 Fighting
 - Level 14.0 Polearms
 - Level 9.0 Dodging
 - Level 3.0 Stealth
 - Level 4.0 Shields
 + Level 19.3 Spellcasting
 + Level 14.8 Conjurations
 * Level 25.7 Ice Magic
 - Level 0.3 Invocations


You had 4 spell levels left.
You knew the following spells:

 Your Spells              Type           Power      Damage    Failure   Level
a - Freezing Cloud        Conj/Ice/Air   40%        6-21      1%          5
b - Orb of Destruction    Conj           42%        9d14      1%          7
c - Ozocubu's Armour      Ice            100%       N/A       0%          3
d - Magic Dart            Conj           100%       1d8       0%          1
e - Searing Ray           Conj           100%       3d7       0%          2
f - Hailstorm             Conj/Ice       96%        3d19      0%          4
g - Polar Vortex          Ice            53%        N/A       1%          9
h - Sticky Flame          Conj/Fire      62%        2d8       1%          4
i - Lightning Bolt        Conj/Air       31%        1d48      1%          5
j - Iskenderun's Mystic   Conj/Tloc      62%        2d13      1%          4
k - Ozocubu's Refrigerat  Ice            53%        4d15      1%          7
l - Mephitic Cloud        Conj/Pois/Air  53%        N/A       1%          3
m - Sublimation of Blood  Necr           13%        N/A       1%          2

Your spell library contained the following spells:

 Spells                   Type           Power      Damage    Failure   Level
 Freeze                   Ice            100%       1d11      0%          1
 Ensorcelled Hibernation  Hex/Ice        100%       N/A       0%          2
 Frozen Ramparts          Ice            100%       1d12      0%          3
 Animate Skeleton         Necr           54%        N/A       1%          1
 Apportation              Tloc           54%        N/A       1%          1
 Corona                   Hex            30%        N/A       1%          1
 Foxfire                  Conj/Fire      100%       2x1d9     1%          1
 Pain                     Necr           100%       1d9       1%          1
 Shock                    Conj/Air       100%       1d9       1%          1
 Sting                    Tmut/Pois      100%       1d8       1%          1
 Corpse Rot               Necr/Air       N/A        N/A       1%          2
 Passwall                 Tmut/Erth      22%        N/A       1%          2
 Poisonous Vapours        Pois/Air       54%        N/A       1%          2
 Slow                     Hex            27%        N/A       1%          2
 Static Discharge         Conj/Air       62%        N/A       1%          2
 Conjure Flame            Conj/Fire      62%        6-21      1%          3
 Dazzling Flash           Conj/Hex       100%       N/A       1%          3
 Gell's Gravitas          Tloc           13%        N/A       1%          3
 Ignite Poison            Fire/Tmut/Pois 27%        N/A       1%          3
 Inner Flame              Hex/Fire       27%        N/A       1%          3
 Lesser Beckoning         Tloc           13%        N/A       1%          3
 Spider Form              Tmut/Pois      13%        N/A       1%          3
 Stone Arrow              Conj/Erth      100%       3d13      1%          3
 Summon Guardian Golem    Hex/Summ       27%        N/A       1%          3
 Swiftness                Air            27%        N/A       1%          3
 Tukima's Dance           Hex            27%        N/A       1%          3
 Vampiric Draining        Necr           13%        2d7       1%          3
 Fulminant Prism          Conj/Hex       31%        3d16      1%          4
 Ice Form                 Ice/Tmut       78%        N/A       1%          4
 Summon Ice Beast         Ice/Summ       78%        N/A       1%          4
 Airstrike                Air            13%        N/A       6%          4
 Animate Dead             Necr           13%        N/A       6%          4
 Dispel Undead            Necr           27%        3d13      6%          4
 Leda's Liquefaction      Hex/Erth       13%        N/A       6%          4
 Olgreb's Toxic Radiance  Pois           27%        N/A       6%          4
 Passage of Golubria      Tloc           N/A        N/A       6%          4
 Petrify                  Tmut/Erth      27%        N/A       6%          4
 Fireball                 Conj/Fire      31%        3d13      1%          5
 Irradiate                Conj/Tmut      31%        3d24      1%          5
 Iskenderun's Battlesphe  Conj           84%        2d13      1%          5
 Metabolic Englaciation   Hex/Ice        39%        N/A       1%          5
 Simulacrum               Ice/Necr       39%        N/A       1%          6
 Bolt of Magma            Conj/Fire/Erth 26%        4d12      2%          5
 Conjure Ball Lightning   Conj/Air       31%        3x3d10    4%          6
 Iron Shot                Conj/Erth      31%        9d6       4%          6
 Starburst                Conj/Fire      31%        6d9       4%          6
 Agony                    Necr           27%        N/A       16%         5
 Alistair's Intoxication  Tmut/Pois      18%        N/A       16%         5
 Blade Hands              Tmut           13%        N/A       16%         5
 Borgnjor's Vile Clutch   Necr/Erth      13%        N/A       16%         5
 Excruciating Wounds      Necr           13%        N/A       16%         5
 Lee's Rapid Deconstruct  Erth           13%        3d10*     16%         5
 Manifold Assault         Tloc           27%        N/A       16%         5
 Silence                  Hex/Air        13%        N/A       16%         5
 Summon Forest            Summ/Tloc      13%        N/A       16%         5
 Summon Mana Viper        Hex/Summ       27%        N/A       16%         5
 Yara's Violent Unravell  Hex/Tmut       13%        3d7       16%         5
 Spellforged Servitor     Conj/Summ      31%        N/A       24%         7
 Death Channel            Necr           13%        N/A       65%         6
 Dispersal                Tloc           13%        N/A       65%         6
 Invisibility             Hex            13%        N/A       65%         6
 Statue Form              Tmut/Erth      18%        N/A       65%         6
 Lehudib's Crystal Spear  Conj/Erth      31%        10d8      86%         8
 Haunt                    Necr/Summ      13%        N/A       99%         7
 Malign Gateway           Summ/Tloc      13%        N/A       99%         7
 Storm Form               Tmut/Air       13%        N/A       99%         7
 Borgnjor's Revivificati  Necr           13%        N/A       100%        8
 Disjunction              Tloc           13%        N/A       100%        8
 Infestation              Necr           13%        N/A       100%        8
 Necromutation            Tmut/Necr      13%        N/A       100%        8
 Summon Horrible Things   Summ           13%        N/A       100%        8
 Chain Lightning          Conj/Air       31%        3d41      100%        9
 Fire Storm               Conj/Fire      31%        8d8       100%        9
 Shatter                  Erth           13%        3d14*     100%        9


Dungeon Overview and Level Annotations

Branches:
Dungeon (15/15)            Temple (1/1) D:7            Lair (6/6) D:9
 Shoals (4/4) Lair:3       Spider (4/4) Lair:3        Slime (5/5) Lair:6
    Orc (2/2) D:9             Elf (0/3) Orc:2        Vaults (4/5) D:14
  Crypt (0/3) Vaults:2     Depths (0/5) D:15        Ossuary (visited)
  IceCv (visited)         Volcano (visited)

Altars:
Ashenzari
Cheibriados
Dithmenos
Elyvilon
Fedhas
Gozag
Hepliaklqana
Kikubaaqudgha
Makhleb
Nemelex Xobeh
Okawaru
Qazlal
Ru
Sif Muna
Trog
Uskayaw
Vehumet
Wu Jian
Xom
Yredelemnul
Zin
The Shining One
Beogh
Jiyva

Shops:
D:2 :   D:6 (   D:11 *   Orc:2 :=[[   Shoals:4 *   Vaults:2 =   Vaults:3 [

Portals:
Trove: Vaults:4 (show slimy rune of Zot)

Annotations:
Shoals:1 3 runed translucent doors, Lianjan's ghost, adept MiGl; Tis Ziporr's ghost, adept MiFi; Ukhlo's ghost, journeyman MfGl; qdestroyer's ghost, journeyman MiFi
Shoals:4 Metae's ghost, adept MiFi


Innate Abilities, Weirdness & Mutations

((You are quick and stealthy near water. (Stealth+, EV+, Speed+++)))
Your lower body shifts to a powerful aquatic tail in water.
You are weak. (Str -2)


Message History

The acid blob spits acid at you. The splash of acid hits you. You resist.
The acid corrodes you!
You are splashed with acid.
You resist. You block the rockslime's attack. The acid blob closely misses you.
An acid blob comes into view.
The acid blob quivers.
The rockslime completely misses you. The acid blob spits acid at you.
The splash of acid hits you. You resist.
You are splashed with acid.
You resist. The acid blob spits acid at you. The splash of acid hits you.
You resist.
You are splashed with acid.
You resist. The rockslime hits you!!!
* * * LOW HITPOINT WARNING * * *
You stumble backwards!
Unknown command.
You cannot drink potions in your current state!
Blink to where?
Press: ? - help, Dir - move target
As you read the scroll of blinking, it crumbles to dust.
The acid blob spits acid at you. The splash of acid hits you! You resist.
* * * LOW HITPOINT WARNING * * *
You are splashed with acid.
You resist.
* * * LOW HITPOINT WARNING * * *
As you read the scroll of fog, it crumbles to dust.
The scroll dissolves into smoke.
As you read the scroll of magic mapping, it crumbles to dust.
You feel aware of your surroundings.
You sensed 1 altar.
You can drink potions again.
You feel much better. Magic courses through your body.
The rockslime hits you!!!
* * * LOW HITPOINT WARNING * * *
You stumble backwards!
Unknown command.
Casting: Ozocubu's Refrigeration (safe; 1% risk of failure)
Confirm with . or Enter, or press ? or * to list all spells.
Okay, then.
You feel much better. The rockslime hits you!!
You die...

,,,,,,,,.........................
,,,,,,,,..................§......
,,,,,,,,.......................#.
,,,,,,,,..................<..#.#*
,,,,,,,,...............J.J...###
,,,,,,,,.......§..§§§.......##
,,,,,,,,........§§§§§§.......#
,,,,,,,,.......§§§J§§§......##
*,*,,,,,........@J§§§§.....##
****,,,,......§.§§§§§§....##
**,*,.......##§#§§§...##
*****...#.#*####§.#### *##*##*
*###


You could see an acid blob and a rockslime.

Vanquished Creatures
  Arachne (Spider:4)
  Jorgrun (Spider:1)
  The ghost of Qaufosch the Fencer, an adept DsGl of Okawaru (Shoals:3)
  Polyphemus (Shoals:3)
  10 acid blobs
  3 krakens
  Gastronok (D:11)
  4 sphinxes
  Kirke (Shoals:3)
  Frances (Spider:1)
  A tengu reaver (Vaults:4)
  Ilsuiw (Shoals:2)
  Donald (Spider:4)
  2 azure jellies
  8 rockslimes
  3 frost giants
  An orc warlord (Vaults:1)
  16 vault wardens
  3 ghost moths (Spider:4)
  11 emperor scorpions
  14 ironbound preservers
  6 quicksilver oozes
  A war gargoyle (Vaults:4)
  A stone giant (D:15)
  2 very ugly things (Vaults:2)
  4 deep elf demonologists
  5 dire elephants
  4 entropy weavers
  The ghost of DiogoH the Archer, a journeyman HuHu of Ru (Lair:1)
  8 merfolk javelineers
  Josephine (D:10)
  A crystal guardian (Vaults:4)
  2 ettins
  4 merfolk impalers
  A fire dragon (Volcano)
  A deep elf high priest (Vaults:1)
  8 yaktaur captains
  4 great orbs of eyes
  A peacekeeper (Vaults:4)
  4 vault guards
  3 boulder beetles
  7 ironbound thunderhulks
  4 catoblepae
  An alligator snapping turtle (Shoals:4)
  An ice dragon (Lair:6)
  13 hydras
  11 ironbound frosthearts
  15 merfolk aquamancers
  13 centaur warriors
  2 dancing weapons (D:14)
  8 two-headed ogres
  3 ogre magi
  20 death yaks
  5 satyrs
  8 merfolk avatars
  2 orc high priests (Orc:2)
  7 ironbound beastmasters
  A hell hog (Volcano)
  3 tengu warriors
  Nergalle (Lair:2)
  11 sea snakes
  9 lindwurms
  44 deep trolls
  2 bog bodies (IceCv)
  29 harpies
  A phantasmal warrior (Vaults:1)
  A harpy (shapeshifter) (D:12)
  10 ironbound convokers
  Pikel (D:4)
  3 orc knights (Vaults:1)
  5 deep elf pyromancers
  10 wizards
  3 spectral merfolk (Shoals:3)
  15 orb spiders
  An orb spider (shapeshifter) (D:15)
  20 manticores
  4 orc sorcerers (Orc:2)
  25 wolf spiders
  14 fauns
  2 moths of wrath
  5 shining eyes
  29 ugly things
  24 vault sentinels
  4 cyclopes
  3 elephants (Lair:5)
  6 centaur zombies
  A spectral alligator snapping turtle (Shoals:3)
  An ice statue (IceCv)
  16 merfolk sirens
  9 water nymphs
  2 eyes of devastation
  A gargoyle (D:12)
  6 black mambas
  13 cane toads
  2 torpor snails
  A kobold demonologist (D:13)
  2 molten gargoyles (Volcano)
  20 komodo dragons
  3 rime drakes (Lair:6)
  An unseen horror (D:11)
  2 tengu conjurers (D:14)
  12 demonic crawlers
  A spectral water nymph (Shoals:3)
  A freezing wraith (IceCv)
  52 yaktaurs
  2 ice devils (IceCv)
  34 jumping spiders
  62 merfolk
  A queen bee (Spider:3)
  7 hornets
  7 meliai
  2 trolls
  A polar bear (Lair:6)
  5 wind drakes
  Grinder (D:5)
  27 blink frogs
  20 dream sheep
  A spectral manticore (Shoals:3)
  115 slime creatures
  8 snapping turtles
  18 tarantellas
  56 redbacks
  16 water elementals
  A vampire (D:12)
  A redback (shapeshifter) (Vaults:1)
  2 fire bats (Volcano)
  A spectral wind drake (Shoals:3)
  2 dire elephant simulacra (IceCv)
  70 yaks
  A wyvern (D:9)
  5 basilisks
  7 golden eyes
  10 wraiths
  4 steam dragons
  3 hogs (Shoals:3)
  10 vampire mosquitoes
  A sea snake simulacrum (Shoals:3)
  A harpy simulacrum (IceCv)
  4 wargs
  2 acid dragons
  3 hell hounds (Volcano)
  Duvessa (D:5)
  A spectral snapping turtle (Shoals:3)
  22 water moccasins
  3 black bears
  4 ice beasts
  17 orc warriors
  A sky beast (D:6)
  A hornet zombie (D:5)
  A necrophage (D:6)
  15 centaurs
  15 wolves
  9 ogres
  2 phantoms
  3 lemures (D:4)
  Blork the orc (D:5)
  A gnoll sergeant (D:11)
  13 bullfrogs
  3 scorpions
  5 two-headed ogre simulacra (IceCv)
  3 wyvern zombies
  3 cane toad simulacra (IceCv)
  A water moccasin zombie (Ossuary)
  A water moccasin skeleton (D:5)
  Dowan (D:5)
  11 killer bees (Spider:3)
  A manticore simulacrum (Shoals:3)
  3 wights (D:7)
  4 howler monkeys (D:8)
  4 electric eels
  7 lava snakes (Volcano)
  A bullfrog zombie (D:5)
  4 hounds
  2 centaur skeletons
  7 jellies
  22 orc priests
  A gnoll shaman (D:4)
  Natasha (thrice) (D:2)
  24 orc wizards
  5 iguanas
  14 hell rats
  11 spriggan simulacra (IceCv)
  A polar bear simulacrum (IceCv)
  3 wolf simulacra (IceCv)
  4 troll simulacra (IceCv)
  2 mummies (Ossuary)
  5 howler monkey zombies
  14 gnolls
  A howler monkey skeleton (D:7)
  10 naga simulacra (IceCv)
  8 river rats (Lair:1)
  8 adders
  2 shadow imps
  9 white imps
  5 ufetubi
  5 adder zombies (Ossuary)
  A worm (D:2)
  2 dart slugs
  62 orcs
  9 endoplasms
  3 giant cockroaches (D:1)
  2 gnoll zombies (Ossuary)
  9 goblins
  7 hobgoblins
  12 quokkas
  3 training dummies (D:6)
  4 ball pythons
  6 bats
  3 frilled lizards (D:1)
  2 hobgoblin zombies (Ossuary)
  6 kobolds
  4 kobold zombies (Ossuary)
  5 orc zombies (Ossuary)
  16 rats
  9 tentacles
1703 creatures vanquished.

Vanquished Creatures (collateral kills)
  A bullfrog (Lair:4)
1 creature vanquished.

Vanquished Creatures (others)
  A bush (Lair:6)
  154 foxfires
  36 fungi
  220 plants
  11 tentacles
422 creatures vanquished.

Grand Total: 2126 creatures vanquished

Notes
Turn   | Place    | Note
-------+----------+-------------------------------------------
     0 | D:1      | Turgor the Merfolk Ice Elementalist began the quest for the
                  | Orb.
     0 | D:1      | Reached XP level 1. HP: 13/13 MP: 3/3
   166 | D:1      | Reached XP level 2. HP: 19/19 MP: 1/5
   801 | D:1      | Reached XP level 3. HP: 24/24 MP: 1/6
  1034 | D:1      | Reached skill level 5 in Ice Magic
  1300 | D:2      | Learned a level 3 spell: Frozen Ramparts
  1304 | D:2      | Learned a level 3 spell: Ozocubu's Armour
  1342 | D:2      | Found Uhasenn's Book Shoppe.
  1573 | D:2      | Noticed Natasha
  1580 | D:2      | Killed Natasha
  1581 | D:2      | Reached XP level 4. HP: 29/30 MP: 2/8
  1754 | D:2      | Noticed Natasha
  1845 | D:2      | Killed Natasha
  1852 | D:2      | Reached XP level 5. HP: 35/35 MP: 5/10
  2284 | D:2      | Noticed Natasha
  2299 | D:2      | Killed Natasha
  2508 | D:3      | Found a faded altar of an unknown god.
  2592 | D:3      | Reached skill level 6 in Ice Magic
  2870 | D:3      | Reached XP level 6. HP: 41/41 MP: 8/12
  3557 | D:4      | Noticed Pikel
  3565 | D:4      | Killed Pikel
  3566 | D:4      | Reached skill level 5 in Spellcasting
  3566 | D:4      | Reached skill level 8 in Ice Magic
  3566 | D:4      | Reached XP level 7. HP: 17/46 MP: 8/15
  4004 | D:5      | Entered Level 5 of the Dungeon
  4004 | D:5      | Found an opulent altar of Gozag.
  4026 | D:5      | Noticed Blork the orc
  4040 | D:5      | Killed Blork the orc
  4041 | D:5      | Reached XP level 8. HP: 49/52 MP: 10/17
  4182 | D:5      | Found a bloodstained altar of Trog.
  4182 | D:5      | Noticed Grinder
  4207 | D:5      | Killed Grinder
  4628 | D:5      | Reached skill level 9 in Ice Magic
  4803 | D:5      | Noticed Dowan
  4805 | D:5      | Noticed Duvessa
  4808 | D:5      | Killed Dowan
  4810 | D:5      | Killed Duvessa
  4974 | D:5      | Learned a level 1 spell: Magic Dart
  4977 | D:5      | Learned a level 2 spell: Searing Ray
  4982 | D:5      | Learned a level 4 spell: Hailstorm
  5014 | D:5      | Reached XP level 9. HP: 18/57 MP: 2/20
  5288 | D:5      | Reached skill level 1 in Conjurations
  6054 | D:6      | Reached skill level 10 in Ice Magic
  6564 | D:6      | Reached skill level 5 in Dodging
  6781 | D:6      | Found Gywad's Firing Range.
  6919 | D:7      | Found a sand-covered staircase.
  6931 | D:7      | Found a runed translucent door.
  6945 | D:7      | Reached XP level 10. HP: 54/63 MP: 5/22
  6949 | D:7      | Found a basalt altar of Yredelemnul.
  7047 | Ossuary  | Entered an ossuary
  7931 | D:7      | Reached skill level 5 in Conjurations
  8208 | D:7      | Found a staircase to the Ecumenical Temple.
  8217 | Temple   | Entered the Ecumenical Temple
  8451 | D:7      | Found an ornate altar of the Wu Jian Council.
  8575 | Temple   | Became a worshipper of the Shining One
  9062 | D:8      | Reached skill level 11 in Ice Magic
  9868 | D:9      | Reached * piety under the Shining One
  9879 | D:9      | Noticed a two-headed ogre
  9887 | D:9      | Killed a two-headed ogre
 10134 | D:9      | Found a staircase to the Lair.
 10169 | D:9      | Reached XP level 11. HP: 50/68 MP: 14/24
 10311 | D:9      | Found a blossoming altar of Fedhas.
 10311 | D:9      | Found a shimmering altar of Xom.
 10777 | D:9      | Found a staircase to the Orcish Mines.
 10843 | D:9      | Found a shadowy altar of Dithmenos.
 10956 | D:9      | Found a shimmering blue altar of Sif Muna.
 11177 | Lair:1   | Entered Level 1 of the Lair of Beasts
 11722 | Lair:1   | Reached skill level 12 in Ice Magic
 12135 | Lair:1   | Found a runed translucent gate.
 12135 | Lair:1   | Found a runed translucent gate.
 12137 | Lair:1   | Found a runed translucent gate.
 12139 | Lair:1   | Noticed a quicksilver ooze
 12140 | Lair:1   | Noticed DiogoH's ghost (journeyman HuHu)
 12522 | Lair:1   | Reached ** piety under the Shining One
 12529 | Lair:1   | Reached skill level 10 in Spellcasting
 12925 | Lair:1   | Found a viscous altar of Jiyva.
 13343 | Lair:2   | Noticed Nergalle
 13385 | Lair:2   | Noticed a six-headed hydra
 13721 | Lair:2   | Killed a six-headed hydra
 13804 | Lair:2   | Noticed a death yak
 13849 | Lair:2   | Noticed a death yak
 13852 | Lair:2   | Noticed a death yak
 13852 | Lair:2   | Noticed a death yak
 13891 | Lair:2   | Killed a death yak
 13891 | Lair:2   | Noticed a death yak
 13892 | Lair:2   | Reached XP level 12. HP: 74/74 MP: 14/26
 13897 | Lair:2   | Killed a death yak
 13899 | Lair:2   | Killed a death yak
 13901 | Lair:2   | Killed a death yak
 13904 | Lair:2   | Killed a death yak
 14071 | Lair:2   | Reached skill level 13 in Ice Magic
 14461 | D:9      | Fell from the grace of the Shining One
 14461 | D:9      | Became a worshipper of Sif Muna the Loreminder
 14523 | Orc:1    | Entered Level 1 of the Orcish Mines
 14833 | Orc:1    | Noticed a two-headed ogre
 14852 | Orc:1    | Killed a two-headed ogre
 15226 | Orc:2    | Entered Level 2 of the Orcish Mines
 15246 | Orc:2    | Found a staircase to the Elven Halls.
 15369 | Orc:2    | Reached skill level 1 in Shields
 15446 | Orc:2    | Reached * piety under Sif Muna
 15654 | Orc:2    | Paralysed by an orc sorcerer for 7 turns
 15878 | Orc:2    | Noticed an orc high priest
 15900 | Orc:2    | Killed an orc high priest
 16029 | Orc:2    | Paralysed by an orc sorcerer for 4 turns
 16425 | Orc:2    | Noticed an ettin
 16439 | Orc:2    | Killed an ettin
 16666 | Orc:2    | Reached ** piety under Sif Muna
 16820 | Orc:2    | Reached XP level 13. HP: 74/79 MP: 14/28
 17462 | Orc:2    | Found Qisyd's Armour Emporium.
 17462 | Orc:2    | Found Keim's Armour Emporium.
 17463 | Orc:2    | Found Acosuupt's Jewellery Shoppe.
 17466 | Orc:2    | Found Irarph's Book Shoppe.
 17490 | Orc:2    | Bought an amulet of magic regeneration for 510 gold pieces
 17498 | Orc:2    | Bought the +5 robe of Night {Dark Will+ SInv} for 780 gold
                  | pieces
 17498 | Orc:2    | Found the +5 robe of Night {Dark Will+ SInv}
 18112 | D:10     | Entered Level 10 of the Dungeon
 18679 | D:10     | Noticed Josephine
 18683 | D:10     | Reached skill level 14 in Ice Magic
 18687 | D:10     | Killed Josephine
 18688 | D:10     | Reached skill level 10 in Conjurations
 19046 | D:10     | Reached *** piety under Sif Muna
 19445 | D:11     | Found Iddal's Assorted Antiques.
 19448 | D:11     | Bought a scroll labelled GASMYRRO PIOT for 33 gold pieces
 19462 | D:11     | Noticed Gastronok
 19472 | D:11     | Killed Gastronok
 19657 | D:11     | Identified the +2 robe of Niblin {rElec rC- Slay+5}
 19863 | D:11     | You fall into a shaft and drop 2 floors!
 20480 | D:12     | Reached skill level 1 in Polearms
 20482 | D:12     | Reached skill level 1 in Fighting
 20767 | D:12     | Reached **** piety under Sif Muna
 21226 | D:12     | Reached XP level 14. HP: 90/90 MP: 18/30
 22288 | Lair:2   | Killed Nergalle
 22289 | Lair:2   | Reached skill level 15 in Ice Magic
 22706 | Lair:3   | Found a hole to the Spider Nest.
 22725 | Lair:3   | Found a gate leading to a gauntlet.
 22834 | Lair:3   | Found a staircase to the Shoals.
 23565 | Lair:4   | Identified 2 scrolls of acquirement
 23572 | Lair:4   | Acquired the +5 demon trident of Desud {freeze, rPois
                  | Int+3}
 23596 | Lair:4   | Reached skill level 5 in Polearms
 23637 | Lair:4   | Found a basalt altar of Yredelemnul.
 23700 | Lair:4   | Found a dark tunnel.
 23707 | Volcano  | Entered a volcano
 23874 | Volcano  | Reached ***** piety under Sif Muna
 24033 | Volcano  | Found a bloodstained altar of Trog.
 24298 | Lair:4   | Received a gift from Sif Muna
 24299 | Lair:4   | Got Sif Muna's Tome of Sinister Arts and Arcane Weapons
                  | {god gift}
 25937 | Lair:5   | Reached XP level 15. HP: 87/100 MP: 14/32
 26964 | Lair:6   | Entered Level 6 of the Lair of Beasts
 26975 | Lair:6   | Reached skill level 10 in Polearms
 27151 | Lair:6   | Found a frozen archway.
 27284 | Lair:6   | Learned a level 1 spell: Foxfire
 27289 | Lair:6   | Learned a level 4 spell: Sticky Flame
 27295 | Lair:6   | Learned a level 5 spell: Iskenderun's Battlesphere
 27296 | IceCv    | Entered an ice cave
 27302 | IceCv    | Received a gift from Sif Muna
 27303 | IceCv    | Got Sif Muna's Advanced Spellweaving {god gift}
 28795 | IceCv    | Got Sif Muna's Volume of the Nocuous Mountains
 28802 | IceCv    | Identified the ring of Rohut {Fire Dex+5}
 29087 | Lair:6   | Reached skill level 5 in Fighting
 29466 | Lair:6   | Found a viscous altar of Jiyva.
 29466 | Lair:6   | Found a staircase to the Slime Pits.
 29495 | Lair:6   | Received a gift from Sif Muna
 29498 | Lair:6   | Got Sif Muna's Volume of Stones and Heat {god gift}
 29582 | Lair:6   | Reached skill level 16 in Ice Magic
 29917 | Lair:6   | Identified the +0 scale mail of Fosappun {Str+5}
 30653 | Shoals:1 | Entered Level 1 of the Shoals
 30876 | Shoals:1 | Reached XP level 16. HP: 111/111 MP: 29/33
 30994 | Shoals:1 | Found a runed translucent door.
 30995 | Shoals:1 | Found a runed translucent gate.
 30996 | Shoals:1 | Found a runed translucent gate.
 30996 | Shoals:1 | Noticed Tis Ziporr's ghost (adept MiFi)
 30997 | Shoals:1 | Found a runed translucent gate.
 30997 | Shoals:1 | Noticed Lianjan's ghost (adept MiGl)
 30997 | Shoals:1 | Noticed Ukhlo's ghost (journeyman MfGl)
 30997 | Shoals:1 | Noticed qdestroyer's ghost (journeyman MiFi)
 31416 | Shoals:1 | Noticed a kraken
 31542 | Shoals:1 | Noticed a kraken
 32046 | Shoals:1 | Found a runed translucent door.
 32744 | D:13     | Received a gift from Sif Muna
 32751 | D:13     | Learned a level 4 spell: Iskenderun's Mystic Blast
 33534 | D:13     | Found a broken altar of Ashenzari.
 35316 | D:14     | Found a gate to the Vaults.
 35536 | D:15     | Entered Level 15 of the Dungeon
 35537 | D:15     | Found an iron altar of Okawaru.
 35942 | D:15     | Learned a level 7 spell: Ozocubu's Refrigeration
 36997 | D:15     | Found a staircase to the Depths.
 37343 | Spider:1 | Entered Level 1 of the Spider Nest
 37402 | Spider:1 | Received a gift from Sif Muna
 37470 | Spider:1 | Got Ysseox's Catalogue of Entrancing Evil {god gift}
 37475 | Spider:1 | Learned a level 3 spell: Mephitic Cloud
 37589 | Spider:1 | Reached skill level 17 in Ice Magic
 37664 | Spider:1 | Reached XP level 17. HP: 55/120 MP: 0/35
 38366 | Spider:1 | You fall into a shaft and drop 1 floor!
 38631 | Spider:1 | Noticed Jorgrun
 38638 | Spider:1 | Killed Jorgrun
 38868 | Spider:1 | Learned a level 5 spell: Freezing Cloud
 39110 | Spider:1 | Noticed Frances
 39898 | Spider:1 | Killed Frances
 40991 | Spider:2 | Received a gift from Sif Muna
 40992 | Spider:2 | Got Sif Muna's Reference Book on Displacement and Hexes
                  | {god gift}
 41832 | Spider:2 | Reached skill level 15 in Spellcasting
 42898 | Spider:4 | Entered Level 4 of the Spider Nest
 43259 | Spider:4 | Noticed Arachne
 43274 | Spider:4 | Killed Arachne
 43275 | Spider:4 | Reached XP level 18. HP: 97/127 MP: 7/37
 43283 | Spider:4 | Noticed Donald
 43292 | Spider:4 | Killed Donald
 43293 | Spider:4 | Reached skill level 18 in Ice Magic
 43522 | Spider:4 | Identified the +2 whip of the Valley {speed, *Rage +Rage
                  | rElec rC++}
 43629 | Spider:4 | Found the +4 robe of Augmentation {Str+4 Int+4 Dex+4}
 43830 | Spider:4 | Received a gift from Sif Muna
 44718 | Spider:4 | Got a gossamer rune of Zot
 45883 | Shoals:1 | Received a gift from Sif Muna
 45884 | Shoals:1 | Got Sif Muna's Disquisition on Toxins and Execration {god
                  | gift}
 46138 | Shoals:1 | Identified the +3 ring mail of Asceticism {Str+3}
 46932 | Shoals:2 | Noticed Ilsuiw
 46940 | Shoals:2 | Killed Ilsuiw
 48529 | Shoals:3 | Received a gift from Sif Muna
 48693 | Shoals:3 | Reached skill level 19 in Ice Magic
 48693 | Shoals:3 | Reached XP level 19. HP: 126/132 MP: 25/39
 48704 | Shoals:3 | Learned a level 9 spell: Polar Vortex
 49207 | Shoals:3 | Noticed Kirke
 49213 | Shoals:3 | Killed Kirke
 49302 | Shoals:3 | Found a runed translucent gate.
 49302 | Shoals:3 | Found a runed translucent gate.
 49303 | Shoals:3 | Found a runed translucent gate.
 49329 | Shoals:3 | Noticed Polyphemus
 49759 | Shoals:3 | Killed Polyphemus
 49932 | Shoals:3 | Upgraded the game from 0.27.1-2-g3b301248ec to
                  | 0.27.1-3-gb3d3a73c9e
 50404 | Shoals:3 | Noticed Qaufosch's ghost (adept DsGl)
 50444 | Shoals:3 | Reached skill level 20 in Ice Magic
 50477 | Shoals:3 | Received a gift from Sif Muna
 50478 | Shoals:3 | Got Sif Muna's Handbook of Confrontation {god gift}
 50489 | Shoals:3 | Learned a level 7 spell: Orb of Destruction
 50717 | Shoals:3 | Killed Qaufosch's ghost
 50804 | Shoals:4 | Entered Level 4 of the Shoals
 51572 | Shoals:4 | Got the Disquisition on the Snowflakes
 51750 | Shoals:4 | Found Iseu's General Store.
 51756 | Shoals:4 | Bought 2 potions of curing for 108 gold pieces
 52413 | Shoals:4 | Identified the +5 great sword of Obsession {antimagic,
                  | rElec}
 52511 | Shoals:4 | Reached ****** piety under Sif Muna
 52965 | Shoals:4 | Received a gift from Sif Muna
 52966 | Shoals:4 | Got Sif Muna's Almanac of Excruciating Translocation {god
                  | gift}
 53516 | Shoals:4 | Got a barnacled rune of Zot
 53573 | Shoals:4 | Found a runed translucent door.
 53576 | Shoals:4 | Noticed Metae's ghost (adept MiFi)
 53984 | Shoals:4 | Reached skill level 21 in Ice Magic
 54043 | Shoals:4 | Identified the ring of the Final Decision {Dex+2 SInv}
 54604 | Shoals:1 | Reached XP level 20. HP: 110/139 MP: 26/40
 54744 | Lair:1   | Killed DiogoH's ghost
 55008 | Vaults:1 | Entered Level 1 of the Vaults
 56396 | Vaults:1 | Received a gift from Sif Muna
 56405 | Vaults:1 | Got Sif Muna's Reference Book on Confrontation {god gift}
 56798 | Vaults:1 | Reached skill level 22 in Ice Magic
 57068 | Vaults:1 | Found a huge runed gate.
 57069 | Vaults:1 | Found a huge runed gate.
 57069 | Vaults:1 | Found a huge runed gate.
 57070 | Vaults:1 | Found a huge runed gate.
 57070 | Vaults:1 | Found a huge runed gate.
 57071 | Vaults:1 | Found a huge runed gate.
 57071 | Vaults:1 | Found a huge runed gate.
 57071 | Vaults:1 | Found a huge runed gate.
 57071 | Vaults:1 | Found a huge runed gate.
 57071 | Vaults:1 | Found a huge runed gate.
 57072 | Vaults:1 | Found a huge runed gate.
 57072 | Vaults:1 | Found a huge runed gate.
 57073 | Vaults:1 | Found a huge runed gate.
 57074 | Vaults:1 | Found a huge runed gate.
 57075 | Vaults:1 | Found a huge runed gate.
 57084 | Vaults:1 | Found a huge runed gate.
 57084 | Vaults:1 | Found a huge runed gate.
 57084 | Vaults:1 | Found a huge runed gate.
 57084 | Vaults:1 | Found a huge runed gate.
 57084 | Vaults:1 | Found a huge runed gate.
 57084 | Vaults:1 | Found a huge runed gate.
 57084 | Vaults:1 | Found a huge runed gate.
 57085 | Vaults:1 | Found a huge runed gate.
 57086 | Vaults:1 | Found a huge runed gate.
 57164 | Vaults:1 | Found a huge runed gate.
 57164 | Vaults:1 | Found a huge runed gate.
 57165 | Vaults:1 | Found a huge runed gate.
 57166 | Vaults:1 | Found a huge runed gate.
 57174 | Vaults:1 | Found a huge runed gate.
 57174 | Vaults:1 | Found a huge runed gate.
 57174 | Vaults:1 | Found a huge runed gate.
 57174 | Vaults:1 | Found a huge runed gate.
 57174 | Vaults:1 | Found a huge runed gate.
 57174 | Vaults:1 | Found a huge runed gate.
 57174 | Vaults:1 | Found a huge runed gate.
 57180 | Vaults:1 | Found a huge runed gate.
 57682 | Vaults:1 | Paralysed by a great orb of eyes for 5 turns
 59240 | Vaults:2 | Found a staircase to the Crypt.
 59739 | Vaults:2 | Reached XP level 21. HP: 144/144 MP: 17/42
 60689 | Vaults:2 | Received a gift from Sif Muna
 60691 | Vaults:2 | Got Sif Muna's Reference Book on the Birds and Slavery {god
                  | gift}
 61045 | Vaults:2 | Reached skill level 23 in Ice Magic
 62133 | Vaults:2 | Found Hannohou's Jewellery Shop.
 62140 | Vaults:2 | Bought a ring of wizardry for 600 gold pieces
 62779 | Vaults:3 | Found Asina's General Store.
 63456 | Vaults:3 | Found Joshror's Armour Emporium.
 63464 | Vaults:3 | Bought a +2 kite shield of resistance for 456 gold pieces
 64389 | Vaults:3 | Reached skill level 24 in Ice Magic
 64726 | Vaults:3 | Paralysed by a sphinx for 2 turns
 65050 | Vaults:4 | Received a gift from Sif Muna
 65588 | Vaults:4 | Reached XP level 22. HP: 67/151 MP: 36/44
 66182 | Vaults:4 | Found a portal to a secret trove of treasure.
 66267 | Vaults:4 | Learned a level 5 spell: Lightning Bolt
 66416 | Vaults:4 | Learned a level 2 spell: Sublimation of Blood
 67636 | Vaults:4 | Received a gift from Sif Muna
 67637 | Vaults:4 | Got Rerias's Compendium of Spatial Venom {god gift}
 68562 | Slime:1  | Entered Level 1 of the Pits of Slime
 68711 | Slime:1  | Reached skill level 25 in Ice Magic
 69465 | Slime:1  | Found a viscous altar of Jiyva.
 70007 | Slime:2  | Received a gift from Sif Muna
 70008 | Slime:2  | Gained mutation: You are weak. (Str -2) [a shining eye]
 70013 | Slime:2  | Got Sif Muna's Disquisition on Damaging Dark Magic {god
                  | gift}
 71614 | Slime:5  | Entered Level 5 of the Pits of Slime
 71683 | Slime:5  | Reached XP level 23. HP: 113/156 MP: 12/46
 71716 | Slime:5  | HP: 3/156 [rockslime (46)]
 71717 | Slime:5  | Slain by a rockslime

Illustrated notes

Levels and vault maps discovered:
D:1:      mrwooster_arrival_statue_2, layout_loops_ring, minmay_pentomino_w4
D:2:      layout_basic, serial_shops, nicolae_diamond_shop, uniq_natasha
D:3:      layout_loops_ring, basic_ecumenical_altar
D:4:      layout_layer_cave, uniq_pikel
D:5:      layout_loops_corners, chequers_temple_overflow_statue_of_worship,
          uniq_grinder, uniq_blork_the_orc, uniq_duvessa
D:6:      minmay_chambers_of_threes, layout_cave_pools,
          minmay_misc_feat_encased, dk_noncrumbling_4, nicolae_shop_firing_range
D:7:      layout_basic, dk_yredelemnul_ordeal, mainiacjoe_overflow_alcove_1,
          lemuel_temple_firewalk_a, enter_ossuary_1
D:8:      layout_cave_pods, kennysheep_cross_bottleneck
D:9:      layout_basic, lemuel_coloured_pillars_altar,
          mainiacjoe_overflow_catwalk, mainiacjoe_overflow_divided_tiny,
          david_lair_generic, minmay_misc_feat_doors,
          nicolae_straight_to_the_point
D:10:     layout_loops_corners, uniq_josephine
D:11:     layout_gridville, serial_shops, kennysheep_mini, uniq_gastronok
D:12:     layout_loops_cross, hangedman_decor_riveting, minmay_shattered_shrine
D:13:     cheibrodos_fzero, layout_irregular_city, nicolae_ashenzari_panopticon
D:14:     layout_cave_pods, erik_vaults_1, kennysheep_boxes
D:15:     grunt_enter_depths_snipers, layout_loops_cross, okawaru_trees_1
Temple:   zaba_magenta_temple
Lair:1:   lemuel_ratsnest, layout_small_grid, gammafunk_ghost_ooze,
          beast_lair_carwin_1, serial_bayou_shore_a, serial_bayou_shore_b
Lair:2:   layout_big_grid, beast_lair_carwin_10, uniq_nergalle
Lair:3:   layout_big_grid, minmay_shoals_entry_beasts,
          spider_nest_entry_web_field, gauntlet_entry_generic,
          grunt_megastairs_2
Lair:4:   layout_regular_city, enter_volcano_4, basic_altar, grunt_megastairs_5,
          infiniplex_staircase_pool, serial_bayou_shore_b
Lair:5:   layout_cave_pods, grunt_megastairs_3
Lair:6:   evilmike_catoblepas_cave, layout_regular_city, slime_altar_1,
          portal_ice_cave_entry_animals_and_master
Shoals:1: nicolae_shoals_lighthouse, layout_shoals, gammafunk_ghost_cemetery,
          lightli_airlock
Shoals:2: layout_shoals, uniq_ilsuiw
Shoals:3: layout_shoals, gammafunk_ghost_necromancy,
          nicolae_shoals_flooded_hall, uniq_polyphemus, uniq_kirke
Shoals:4: shoals_end_simple, layout_shoals, shoals_ilsuiw_ice,
          ebering_ghost_inner_flame, serial_shops, shop
Spider:1: layout_chambers, nicolae_spider_scorpion_nest, uniq_jorgrun,
          uniq_frances
Spider:2: nicolae_spider_hilbert_zone_5 [nicolae_spider_hilbert_3_sides_1_open,
          nicolae_spider_hilbert_4_sides_1_open,
          nicolae_spider_hilbert_4_sides_1_open,
          nicolae_spider_hilbert_6_sides_1_open,
          nicolae_spider_hilbert_6_sides_1_open], nicolae_spider_cling_halls
Spider:3: layout_spider_delve, nicolae_looking_at_the_future
Spider:4: spider_rune_water, uniq_arachne, uniq_donald
Slime:1:  cheibrodos_slime_lost_civilization_1, layout_caves, basic_altar,
          nicolae_slime_phagocytosis
Slime:2:  layout_caves
Slime:3:  cheibrodos_slime_lost_civilization_9, layout_caves,
          cheibrodos_slime_lost_civilization_7
Slime:4:  layout_caves
Slime:5
Orc:1:    layout_diamond_mine
Orc:2:    st_orc_mages, layout_caves, minmay_orc_temple_c
Vaults:1: vaults_dpeg_diagonal, v_misc_9, v_pattern_3, nicolae_vaults_gold_heap,
          vaults_door_vault, ontoclasm_vaults_pinch,
          nicolae_vaults_little_squares_1, nicolae_vaults_little_squares_3,
          nicolae_vaults_theta, hangedman_vaults_slice,
          ontoclasm_vaults_ring_small, hangedman_vaults_trim, layout_vaults_ring
Vaults:2: dpeg_vaults_monster_box, grunt_vaults_swirl, vaults_room_pools,
          v_rooms_2, nicolae_vaults_network_periphery,
          nicolae_vaults_network_quinsquares
          [nicolae_vaults_network_quincunx_subvault,
          nicolae_vaults_network_quincunx_subvault,
          nicolae_vaults_network_quincunx_subvault,
          nicolae_vaults_network_quincunx_subvault],
          nicolae_vaults_shelves_hall, ontoclasm_vaults_decontamination,
          nicolae_vaults_ring_of_whatevers, nicolae_vaults_little_squares_6,
          layout_vaults_omnigrid, dummy_crypt_entry, serial_shops,
          nicolae_shop_temple_entry_statues_fountains
Vaults:3: hangedman_vaults_nails, ontoclasm_vaults_ring_large,
          hangedman_vaults_pinch, hangedman_vaults_maws, v_misc_16,
          ontoclasm_vaults_eye, nicolae_vaults_alarming, v_rooms_4,
          ontoclasm_vaults_fault, layout_vaults_big_room, serial_shops, shop,
          shop
Vaults:4: vaults_room_hangedman_quadrants, ontoclasm_vaults_bender, v_misc_4,
          v_misc_5, hangedman_vaults_corner, vaults_standard_mumra_x,
          vaults_room_boxed, v_misc_17, v_misc_26, layout_vaults_maze_snakey,
          nicolae_trove_entry_diagonal

Skill      XL: |  1  2  3  4  5  6  7  8  9 10 11 12 13 14 15 16 17 18 19 20 21 22 |
---------------+-------------------------------------------------------------------+-----
Ice Magic      | 5 6 8 9 10 11 12 13 14 15 16 17 19 21 22 24 25 | 25.7
Spellcasting   | 3 4 5 6 7 8 9 10 11 12 13 14 15 16 17 18 19 | 19.3
Dodging        | 3 5 7 9 |  9.0
Stealth        | 3 |  3.0
Conjurations   | 4 6 8 9 10 11 12 13 14 | 14.8
Shields        | 4 |  4.0
Polearms       | 2 9 10 12 14 | 14.0
Fighting       | 2 4 5 7 |  7.0
Invocations    | |  0.3

Action                   |  1- 3 |  4- 6 |  7- 9 | 10-12 | 13-15 | 16-18 | 19-21 | 22-24 || total
-------------------------+-------+-------+-------+-------+-------+-------+-------+-------++-------
Melee: Unarmed           |    18 |       |       |       |       |       |       |       ||    18
       Short sword       |     5 |    42 |   108 |   117 |       |       |       |       ||   272
       Hunting sling     |       |     1 |       |       |       |       |       |       ||     1
       Spear             |       |     2 |       |       |       |       |       |       ||     2
       Trident           |       |       |       |    23 |    95 |       |       |       ||   118
       Staff             |       |       |       |     2 |    14 |       |       |       ||    16
       Demon trident     |       |       |       |       |   256 |   471 |   218 |    68 ||  1013
       Tailslap          |       |       |       |       |       |    22 |    14 |       ||    36
 Fire: Hunting sling     |    31 |    60 |    11 |     5 |       |       |       |       ||   107
Throw: Throwing net      |       |       |       |       |       |       |     4 |       ||     4
 Cast: Freeze            |    42 |    22 |    26 |    59 |    42 |     3 |       |       ||   194
       Frozen Ramparts   |       |    12 |    22 |    67 |   133 |   109 |     4 |       ||   347
       Ozocubu's Armour  |       |       |    14 |    43 |   104 |   103 |    19 |       ||   283
       Magic Dart        |       |       |    24 |   149 |    71 |    43 |     6 |       ||   293
       Searing Ray       |       |       |    13 |    85 |    94 |    52 |     9 |       ||   253
       Hailstorm         |       |       |       |     7 |   103 |   206 |    11 |     1 ||   328
       Foxfire           |       |       |       |       |   116 |     4 |       |       ||   120
       Sticky Flame      |       |       |       |       |    19 |    21 |     7 |     3 ||    50
       Iskenderun's Batt |       |       |       |       |     4 |     2 |     1 |       ||     7
       Iskenderun's Myst |       |       |       |       |       |    94 |    15 |     2 ||   111
       Ozocubu's Refrige |       |       |       |       |       |    78 |   267 |    98 ||   443
       Freezing Cloud    |       |       |       |       |       |    49 |   123 |    12 ||   184
       Mephitic Cloud    |       |       |       |       |       |     1 |     3 |     1 ||     5
       Orb of Destructio |       |       |       |       |       |       |   110 |    29 ||   139
       Polar Vortex      |       |       |       |       |       |       |     1 |    15 ||    16
Evoke: Wand              |       |     1 |    19 |    12 |     7 |    23 |    15 |       ||    77
  Use: Scroll            |       |     3 |     4 |    10 |    15 |     7 |     9 |     3 ||    51
       Potion            |       |     1 |     3 |     2 |     4 |    10 |     4 |     4 ||    28
 Stab: Sleeping          |     3 |       |       |     3 |       |       |     1 |       ||     7
       Petrified         |       |       |       |       |       |       |     8 |       ||     8
       Petrifying        |       |       |       |       |       |       |     1 |       ||     1
       Held in net/web   |       |       |       |       |       |       |     1 |       ||     1
Armor: Robe              |     8 |    18 |   104 |    65 |   191 |   326 |    59 |    12 ||   783
       Steam dragon scal |       |       |       |    42 |     2 |       |       |       ||    44
Dodge: Dodged            |    32 |    35 |   131 |   198 |   288 |   556 |   208 |    18 ||  1466
Block: Buckler           |       |       |       |     9 |   183 |   282 |   112 |    16 ||   602
